 Dungeon Crawl Stone Soup version 0.21-a0-216-g6d3fd91 (webtiles) character file.

435 Ijustatesigmund the Chopper (level 6, -1/57 HPs)
             Began as a Minotaur Fighter on Aug 23, 2017.
             Slain by a sky beast (4 damage)
             ... on level 4 of the Dungeon.
             The game lasted 00:06:43 (3835 turns).

Ijustatesigmund the Chopper (Minotaur Fighter)      Turns: 3835, Time: 00:06:43

Health: -1/57      AC:  3    Str: 21      XL:     6   Next: 68%
Magic:  5/5        EV:  9    Int:  4 (5)  God:
Gold:   230        SH:  9    Dex: 10 (11) Spells: 5/5 levels left

rFire    . . .     SeeInvis .   a - +1 war axe
rCold    + . .     Gourm    +   c - +0 shield
rNeg     . . .     Faith    .   b - -2 leather armour (curse)
rPois    .         Spirit   .   (helmet restricted)
rElec    .         Reflect  .   k - +0 cloak
rCorr    .         Harm     .   (no gloves)
MR       .....                  u - +0 pair of boots
Stlth    ..........             o - amulet of the gourmand
HPRegen  0.19/turn              v - ring of loudness (curse)
MPRegen  0.09/turn              p - ring of protection from cold

@: no status effects
A: retaliatory headbutt, horns 2
a: no special abilities


You were on level 4 of the Dungeon.
You were not hungry.

You visited 1 branch of the dungeon, and saw 5 of its levels.

You collected 230 gold pieces.

Inventory:

Hand Weapons
 a - a +1 war axe (weapon)
 w - a cursed -3 flail
Armour
 b - a cursed -2 leather armour (worn)
 c - a +0 shield (worn)
 k - a +0 cloak (worn)
 r - a +0 ring mail
 t - a cursed +0 leather armour
 u - a +0 pair of boots (worn)
Jewellery
 e - an uncursed ring of flight
 o - an amulet of the gourmand (around neck)
 p - a ring of protection from cold (right hand)
 v - a cursed ring of loudness (left hand)
Wands
 d - a wand of disintegration (10/24)
 q - a wand of lightning (6/15)
 s - a wand of paralysis (14/24)
Scrolls
 i - 2 scrolls of blinking
 l - a scroll of fog
 m - a scroll of teleportation
Potions
 h - a potion of curing
Comestibles
 f - 3 bread rations
 g - 3 meat rations
 j - 2 royal jellies
 n - 4 fruits


   Skills:
 + Level 6.1 Fighting
 + Level 6.8 Axes
 + Level 3.8 Armour
 + Level 0.7 Dodging
 + Level 3.9 Shields


You had 5 spell levels left.
You didn't know any spells.

Dungeon Overview and Level Annotations

Branches:
Dungeon (5/15)
 Temple: D:4-7

Altars:
Dithmenos
Qazlal
Xom


Innate Abilities, Weirdness & Mutations

You reflexively headbutt those who attack you in melee.
You have a pair of horns on your head.


Message History

* * * LOW HITPOINT WARNING * * *
Something shocks you.
* * * LOW HITPOINT WARNING * * *
You closely miss something. You block something's attack.
You feel better. Something hits you.
* * * LOW HITPOINT WARNING * * *
Something shocks you.
* * * LOW HITPOINT WARNING * * *
You closely miss something.
A sky beast appears from thin air!
Reactivating autopickup.
You block the sky beast's attack. The sky beast hits you.
* * * LOW HITPOINT WARNING * * *
The sky beast shocks you.
* * * LOW HITPOINT WARNING * * *
You closely miss the sky beast.
The sky beast is heavily wounded.
The sky beast flickers out of sight!
Deactivating autopickup; reactivate with Ctrl-A.
Something hits you.
You die...

#.#.##.# #.## ##.....## ##.#..#.#
#..## ##...)...##
#...#.#.#######...####.........##
.....................'.........'.
#...#.#.#######...####.........##
##......# #..## ##.......##
#####.### #.># ##.....## ......#
##{# ##...## ####<.# #@# ##'##
#.....# ##.## ### #.# #.##.##
##...###.## #.# #.##.#
#.#.....#.###.###### #.##.#
##.#.###.###...##... .....# ##.##
#.##.....#... #.#### ###
#............ #.# ######.###...
..# ### #...


There were no monsters in sight!

Vanquished Creatures
  A scorpion (D:4)
  The ghost of p0werm0de the Gusty, a weakling DsAE (D:4)
  A jelly (D:3)
  An orc priest (D:3)
  An orc wizard (D:4)
  An iguana (D:4)
  Natasha (twice) (D:2)
  A worker ant (D:4)
  3 adders
  3 gnolls (D:4)
  An ooze (D:1)
  3 worms
  6 dart slugs
  3 leopard geckos
  9 orcs
  2 giant cockroaches
  4 goblins
  8 hobgoblins
  3 jackals
  3 quokkas
  A ball python (D:3)
  8 bats
  5 frilled lizards
  6 kobolds
  3 rats
80 creatures vanquished.

Notes
Turn   | Place    | Note
-------+----------+-------------------------------------------
     0 | D:1      | Ijustatesigmund the Minotaur Fighter began the quest for the Orb.
     0 | D:1      | Reached XP level 1. HP: 19/19 MP: 0/0
   116 | D:1      | Reached XP level 2. HP: 25/27 MP: 1/1
   344 | D:1      | Reached XP level 3. HP: 33/33 MP: 2/2
   619 | D:2      | Found a shadowy altar of Dithmenos.
   856 | D:2      | Noticed Natasha
   865 | D:2      | Killed Natasha
  1088 | D:2      | Reached XP level 4. HP: 39/41 MP: 3/3
  1112 | D:2      | Noticed Natasha
  1127 | D:2      | Killed Natasha
  1130 | D:2      | Reached skill level 5 in Axes
  1727 | D:3      | Found a shimmering altar of Xom.
  1819 | D:3      | Reached skill level 5 in Fighting
  1827 | D:3      | Found a stormy altar of Qazlal.
  1934 | D:3      | Reached XP level 5. HP: 40/48 MP: 4/4
  2620 | D:4      | Reached XP level 6. HP: 25/56 MP: 5/5
  3027 | D:4      | Noticed p0werm0de's ghost (weakling DsAE)
  3039 | D:4      | Killed p0werm0de's ghost
  3812 | D:5      | Entered Level 5 of the Dungeon
  3812 | D:5      | Noticed a sky beast
  3834 | D:4      | HP: 2/57 [sky beast (6)]
  3835 | D:4      | Slain by a sky beast

Vault maps used:
D:1:      dpeg_arrival_court
D:2:      grunt_dithmenos_smoke, minmay_pentomino_q2, uniq_natasha
D:3:      cheibrodos_pilgrimage, grunt_qazlal_sundering, lemuel_doored_altar
D:4:      corexii_hall_statues_i
D:5:      first_bread

Skill      XL: |  1  2  3  4  5  6 |
---------------+-------------------+-----
Axes           | 3 4 5 6 |  6.8
Fighting       | 4 5 6 |  6.1
Armour         | |  3.8
Dodging        | |  0.7
Shields        | |  3.9

Action                   |  1- 3 |  4- 6 || total
-------------------------+-------+-------++-------
Melee: War axe           |    54 |   154 ||   208
       Headbutt          |     8 |    19 ||    27
  Use: Scroll            |     3 |     4 ||     7
       Potion            |     3 |     7 ||    10
  Eat: Chunk             |     1 |    13 ||    14
Armor: Scale mail        |    23 |    26 ||    49
       Leather armour    |       |    13 ||    13
Dodge: Dodged            |    17 |    45 ||    62
Block: Shield            |    33 |    85 ||   118

Table legend:
 A = Spawn XP
 B = Non-spawn XP
 C = Spawn XP percentage of total XP
 D = Spawn monster count
 E = Non-spawn monster count
 F = Spawn count percentage of total count
 G = Total turns spent on level
                    A         B        C        D         E        F      G
               +---------+---------+-------+---------+---------+-------+---------
         Total |      93 |     529 |  15.0 |      14 |      66 |  17.5 |  3835
               +---------+---------+-------+---------+---------+-------+---------
           D:1 |       0 |      48 |   0.0 |       0 |      20 |   0.0 |   504
           D:2 |       8 |     105 |   7.1 |       5 |      17 |  22.7 |  1192
           D:3 |       9 |     128 |   6.6 |       4 |      14 |  22.2 |   908
           D:4 |      76 |     248 |  23.5 |       5 |      15 |  25.0 |  1224
               +---------+---------+-------+---------+---------+-------+---------
